WCHLSIM.com - West Coast Hockey League
Dernière mise à jour: 2025-12-07 16:11:59
html PUBLIC "-//W3C//DTD XHTML 1.0 Transitional//EN" "http://www.w3.org/TR/xhtml1/DTD/xhtml1-transitional.dtd"> WCHL - Game 131 - ANCHORAGE ACES vs ANAHEIM OUTLAWS

ANCHORAGE ACES vs ANAHEIM OUTLAWS

Created - 2 novembre 2024 at 22:19

Goals
1 2 3 T
ANCHORAGE ACES 2 0 0 2
ANAHEIM OUTLAWS 2 0 1 3
Shots
1 2 3 T
ANCHORAGE ACES 11 7 5 23
ANAHEIM OUTLAWS 10 7 7 24

1st period

1. ANAHEIM OUTLAWS , Jeff Skinner 3 (Michael Bunting 2, Noah Hanifin 3) at 13:28
2. ANCHORAGE ACES , Filip Hronek 1 (Phillip Danault 6, Ryan Pulock 5) at 16:43 (PP)
3. ANCHORAGE ACES , Nathan MacKinnon 6 (Alexander DeBrincat 6) at 17:13
4. ANAHEIM OUTLAWS , Adrian Kempe 5 (Carter Verhaeghe 5) at 19:46

Penalties :
Kevin Fiala (ANA) for Hooking (Minor) at 15:10, Morgan Rielly (ANA) for Slashing (Minor) at 19:49

2nd period

No Goal

Penalties :
Noah Hanifin (ANA) for Hooking (Minor) at 18:46

3rd period

5. ANAHEIM OUTLAWS , Jacob Trouba 1 (Alexander Nylander 1, Michael Rasmussen 3) at 6:39

Penalties :
Pius Suter (ANA) for Hooking (Minor) at 6:59

Goalie Stats

Darcy Kuemper (ANC), 21 saves from 24 shots - (0,875), L, 5-1-1, 58:40 minutes
Jacob Markstrom (ANA), 21 saves from 23 shots - (0,913), W, 4-3-1, 60:00 minutes

Players Stats for ANCHORAGE ACES

Player Name              G  A  P  +/- PIM S  H  SB GA TA FO     MP     PP MP  PK MP  
------------------------------------------------------------------------------------
Alexander DeBrincat      0  1  1  -2  0   0  3  0  0  0  1/1    21:58   3:48   0:00 
Carson Soucy             0  0  0   1  0   0  0  1  0  0  0/0    16:20   0:00   0:00 
Colin Blackwell          0  0  0   0  0   1  1  0  0  0  0/0    12:01   0:00   0:00 
Connor McDavid           0  0  0   0  0   2  2  1  0  0  19/26  22:26   3:48   0:00 
David Perron             0  0  0   0  0   1  2  0  0  0  0/0    19:41   3:42   0:00 
Eetu Luostarinen         0  0  0   0  0   2  1  0  0  0  8/18   12:01   0:00   0:00 
Erik Haula               0  0  0   0  0   3  0  0  0  0  0/1    13:11   3:42   0:00 
Filip Hronek             1  0  1  -1  0   1  4  1  0  0  0/0    25:34   3:50   0:00 
Jakob Chychrun           0  0  0  -1  0   0  0  0  0  0  0/0    21:24   3:40   0:00 
Nathan MacKinnon         1  0  1  -2  0   5  0  0  0  0  16/23  22:05   3:48   0:00 
Nicolas Deslauriers      0  0  0   0  0   0  0  0  0  0  1/1     6:13   0:00   0:00 
Phillip Danault          0  1  1   0  0   3  3  0  0  0  4/7    20:33   3:42   0:00 
Robert Bortuzzo          0  0  0   1  0   0  2  0  0  0  0/0    16:07   3:40   0:00 
Ryan Pulock              0  1  1  -2  0   0  2  1  0  0  0/0    21:24   3:50   0:00 
Sam Carrick              0  0  0   0  0   2  0  0  0  0  5/10    6:13   0:00   0:00 
Sebastien Aho            0  0  0  -2  0   1  1  3  0  0  0/0    19:11   0:00   0:00 
Sheldon Dries            0  0  0   0  0   0  0  0  0  0  0/0     6:13   0:00   0:00 
Yegor Sharangovich       0  0  0  -2  0   2  1  0  0  0  0/0    17:25   0:00   0:00 

Players Stats for ANAHEIM OUTLAWS

Player Name              G  A  P  +/- PIM S  H  SB GA TA FO     MP     PP MP  PK MP  
------------------------------------------------------------------------------------
Adrian Kempe             1  0  1   1  0   3  3  1  0  0  7/29   24:16   0:00   5:04 
Alexander Nylander       0  1  1   1  0   2  1  0  0  0  0/2    11:33   0:00   0:00 
Carter Verhaeghe         0  1  1   1  0   2  1  0  0  0  0/0    24:16   0:00   5:04 
Henri Jokiharju          0  0  0  -1  0   1  0  0  0  0  0/0    13:35   0:00   0:00 
Jack Quinn               0  0  0   1  0   2  0  0  0  0  1/2    13:10   0:00   0:45 
Jacob Trouba             1  0  1   2  0   1  1  1  0  0  0/0    20:26   0:00   3:33 
Jeff Skinner             1  0  1   1  0   5  4  0  0  0  13/22  17:26   0:00   2:26 
Joey Anderson            0  0  0  -1  0   1  0  0  0  0  0/0     5:53   0:00   0:00 
Kent Johnson             0  0  0  -1  0   0  0  0  0  0  0/2     5:53   0:00   0:00 
Kevin Fiala              0  0  0   1  2   2  1  0  0  0  3/4    20:52   0:00   1:41 
Michael Bunting          0  1  1   1  0   0  2  0  0  0  0/2    15:00   0:00   0:00 
Michael Rasmussen        0  1  1   1  0   0  1  0  0  0  5/15   12:25   0:00   0:00 
Morgan Rielly            0  0  0   1  2   0  0  1  0  0  0/0    24:45   0:00   2:44 
Noah Hanifin             0  1  1   1  2   0  0  2  0  0  0/0    25:02   0:00   3:01 
Oliver Ekman-Larsson     0  0  0   2  0   0  0  3  0  0  0/0    20:26   0:00   3:33 
Pierre Engvall           0  0  0   1  0   2  0  0  0  0  0/0    15:00   0:00   0:00 
Pius Suter               0  0  0  -1  2   2  1  0  0  0  4/9     6:44   0:00   0:00 
Rasmus Ristolainen       0  0  0  -1  0   1  1  1  0  0  0/0    15:44   0:00   2:09 

3 Stars

1 - Jeff Skinner (ANA)
2 - Adrian Kempe (ANA)
3 - Jacob Trouba (ANA)

Power Play

ANCHORAGE ACES - 1 on 4 Attempt(s) - 25,00%
ANAHEIM OUTLAWS - 0 on 0 Attempt(s) - 0,00%

Penalty Kill

ANCHORAGE ACES - 0 on 0 Attempt(s) - 0,00% - Score 0 goal in Penalty Kill
ANAHEIM OUTLAWS - 3 on 4 Attempt(s) - 75,00% - Score 0 goal in Penalty Kill

Team Stat

ANCHORAGE ACES - Hits : 22 - Faceoff Wins : 54 - Blocked Shots : 7 - Penalty Minutes : 0
ANAHEIM OUTLAWS - Hits : 16 - Faceoff Wins : 33 - Blocked Shots : 9 - Penalty Minutes : 8

Official

Referees : Justin Kea and Garrett Rank
Linesman : Bryan Pancich and Brent Hooks

Game Notes

Erik Haula is injured at 10:24 of 3rd period (Strained Right Elbow)

Finance

Level 1 -- Attendance: 4297 (66,11%) -- Ticket Income 837 915 $
Level 2 -- Attendance: 3907 (71,04%) -- Ticket Income 507 910 $
Level 3 -- Attendance: 2469 (98,76%) -- Ticket Income 222 210 $
Level 4 -- Attendance: 3511 (70,22%) -- Ticket Income 263 325 $
Luxury Box -- Attendance: 683 (68,30%) -- Ticket Income 273 200 $
Game was played at the Bouch Garden.
Total Attendance: 14867 (72,52%)
Total Ticket Income: 2 104 560 $
Other Expense: 21 046 $
Total Income: 2 083 514 $

ANCHORAGE ACES

5 vs 5 Forward 
   Center                   Left Wing                Right Wing               Time % Phy DF OF 
 1 Connor McDavid           Phillip Danault          David Perron             37     0   1  4  
 2 Nathan MacKinnon         Yegor Sharangovich       Alexander DeBrincat      37     0   1  4  
 3 Eetu Luostarinen         Erik Haula               Colin Blackwell          25     0   2  3  
 4 Sam Carrick              Nicolas Deslauriers      Sheldon Dries            1      1   3  1  

5 vs 5 Defense 
   Defense                  Defense                                           Time % Phy DF OF 
 1 Filip Hronek             Jakob Chychrun                                    35     1   2  2  
 2 Ryan Pulock              Sebastien Aho                                     35     1   2  2  
 3 Robert Bortuzzo          Carson Soucy                                      23     1   2  2  
 4 Carson Soucy             Filip Hronek                                      7      1   2  2  

PowerPlay Forward 
   Center                   Left Wing                Right Wing               Time % Phy DF OF 
 1 Connor McDavid           Nathan MacKinnon         Alexander DeBrincat      50     0   0  5  
 2 Phillip Danault          David Perron             Erik Haula               50     0   1  4  

PowerPlay Defense
   Defense                  Defense                                           Time % Phy DF OF 
 1 Filip Hronek             Ryan Pulock                                       50     0   1  4  
 2 Robert Bortuzzo          Jakob Chychrun                                    50     1   2  2  

Penalty Kill 4 Players Forward 
   Center                   Wing                     Time % Phy DF OF 
 1 Phillip Danault          Connor McDavid           55     1   3  1  
 2 Nathan MacKinnon         Yegor Sharangovich       45     1   3  1  

Penalty Kill 4 Players Defense
   Defense                  Defense                  Time % Phy DF OF 
 1 Jakob Chychrun           Sebastien Aho            55     1   3  1  
 2 Ryan Pulock              Filip Hronek             45     1   3  1  

Penalty Kill - 3 Players Forward 
   Forward                                           Time % Phy DF OF 
 1 Phillip Danault                                   55     0   5  0  
 2 Erik Haula                                        45     0   5  0  

Penalty Kill - 3 Players Defense
   Defense                  Defense                  Time % Phy DF OF 
 1 Sebastien Aho            Filip Hronek             55     1   4  0  
 2 Ryan Pulock              Jakob Chychrun           45     1   4  0  

4 vs 4 Forward 
   Center                   Wing                     Time % Phy DF OF 
 1 Nathan MacKinnon         Connor McDavid           55     1   2  2  
 2 Phillip Danault          Eetu Luostarinen         45     1   2  2  

4 vs 4 Defense
   Defense                  Defense                  Time % Phy DF OF 
 1 Jakob Chychrun           Ryan Pulock              55     1   2  2  
 2 Sebastien Aho            Filip Hronek             45     1   2  2  

Last Minutes Offensive
   Center                   Left Wing                Right Wing               Defense                  Defense                  
   Connor McDavid           Phillip Danault          Nathan MacKinnon         Sebastien Aho            Filip Hronek             

Last Minutes Defensive
   Center                   Left Wing                Right Wing               Defense                  Defense                  
   Connor McDavid           Phillip Danault          Nathan MacKinnon         Sebastien Aho            Filip Hronek             

Goaltenders
Starting : Darcy Kuemper            
Backup : Laurent Brossoit         

Extra Forwards
Normal : Connor McDavid, Phillip Danault, Colin Blackwell - PP : Connor McDavid, Phillip Danault - PK : Phillip Danault
Extra Defensemen
Normal : Ryan Pulock, Filip Hronek, Jakob Chychrun - PP : Robert Bortuzzo - PK : Filip Hronek, Ryan Pulock
Penalty Shots
Nathan MacKinnon, Connor McDavid, Alexander DeBrincat, David Perron, Yegor Sharangovich
Custom OT Lines Forwards
Colin Blackwell, Sam Carrick, Connor McDavid, Phillip Danault, Sheldon Dries, Nicolas Deslauriers, Nathan MacKinnon, Erik Haula, David Perron, Alexander DeBrincat
Custom OT Lines Defensemen
Filip Hronek, Carson Soucy, Jakob Chychrun, Ryan Pulock, Robert Bortuzzo

Scratches
Antti Raanta (Healthy)

ANAHEIM OUTLAWS

5 vs 5 Forward 
   Center                   Left Wing                Right Wing               Time % Phy DF OF 
 1 Adrian Kempe             Carter Verhaeghe         Kevin Fiala              36     1   2  2  
 2 Jeff Skinner             Michael Bunting          Pierre Engvall           31     1   2  2  
 3 Michael Rasmussen        Jack Quinn               Alexander Nylander       23     1   2  2  
 4 Pius Suter               Kent Johnson             Joey Anderson            10     1   2  2  

5 vs 5 Defense 
   Defense                  Defense                                           Time % Phy DF OF 
 1 Morgan Rielly            Noah Hanifin                                      36     1   2  2  
 2 Jacob Trouba             Oliver Ekman-Larsson                              31     1   2  2  
 3 Henri Jokiharju          Rasmus Ristolainen                                23     1   2  2  
 4 Morgan Rielly            Noah Hanifin                                      10     1   2  2  

PowerPlay Forward 
   Center                   Left Wing                Right Wing               Time % Phy DF OF 
 1 Adrian Kempe             Carter Verhaeghe         Kevin Fiala              55     1   2  2  
 2 Jeff Skinner             Michael Bunting          Pierre Engvall           45     1   2  2  

PowerPlay Defense
   Defense                  Defense                                           Time % Phy DF OF 
 1 Morgan Rielly            Noah Hanifin                                      55     1   2  2  
 2 Jacob Trouba             Oliver Ekman-Larsson                              45     1   2  2  

Penalty Kill 4 Players Forward 
   Center                   Wing                     Time % Phy DF OF 
 1 Adrian Kempe             Carter Verhaeghe         55     1   2  2  
 2 Kevin Fiala              Jeff Skinner             45     1   2  2  

Penalty Kill 4 Players Defense
   Defense                  Defense                  Time % Phy DF OF 
 1 Morgan Rielly            Noah Hanifin             55     1   2  2  
 2 Jacob Trouba             Oliver Ekman-Larsson     45     1   2  2  

Penalty Kill - 3 Players Forward 
   Forward                                           Time % Phy DF OF 
 1 Adrian Kempe                                      55     1   2  2  
 2 Carter Verhaeghe                                  45     1   2  2  

Penalty Kill - 3 Players Defense
   Defense                  Defense                  Time % Phy DF OF 
 1 Morgan Rielly            Noah Hanifin             55     1   2  2  
 2 Jacob Trouba             Oliver Ekman-Larsson     45     1   2  2  

4 vs 4 Forward 
   Center                   Wing                     Time % Phy DF OF 
 1 Adrian Kempe             Carter Verhaeghe         55     1   2  2  
 2 Kevin Fiala              Jeff Skinner             45     1   2  2  

4 vs 4 Defense
   Defense                  Defense                  Time % Phy DF OF 
 1 Morgan Rielly            Noah Hanifin             55     1   2  2  
 2 Jacob Trouba             Oliver Ekman-Larsson     45     1   2  2  

Last Minutes Offensive
   Center                   Left Wing                Right Wing               Defense                  Defense                  
   Adrian Kempe             Carter Verhaeghe         Kevin Fiala              Morgan Rielly            Noah Hanifin             

Last Minutes Defensive
   Center                   Left Wing                Right Wing               Defense                  Defense                  
   Adrian Kempe             Carter Verhaeghe         Kevin Fiala              Morgan Rielly            Noah Hanifin             

Goaltenders
Starting : Jacob Markstrom          
Backup : Lukas Dostal             

Extra Forwards
Normal : Michael Rasmussen, Pius Suter, Jack Quinn - PP : Michael Rasmussen, Pius Suter - PK : Jack Quinn
Extra Defensemen
Normal : Henri Jokiharju, Rasmus Ristolainen, Jacob Trouba - PP : Henri Jokiharju - PK : Rasmus Ristolainen, Jacob Trouba
Penalty Shots
Adrian Kempe, Carter Verhaeghe, Kevin Fiala, Jeff Skinner, Michael Rasmussen
Custom OT Lines Forwards
Adrian Kempe, Carter Verhaeghe, Kevin Fiala, Jeff Skinner, Michael Rasmussen, Michael Bunting, Pius Suter, Pierre Engvall, Jack Quinn, Kent Johnson
Custom OT Lines Defensemen
Morgan Rielly, Noah Hanifin, Jacob Trouba, Oliver Ekman-Larsson, Henri Jokiharju

Scratches
Mackenzie Blackwood (Healthy)

% Time on Ice - ANCHORAGE ACES

Lines # - Real PCT - Wanted PCT - Time Play
Normal Forward
1 - 31% - 37% - 15:59
2 - 34% - 37% - 17:25
3 - 23% - 25% - 12:01
4 - 12% - 1% - 6:13
Normal Defense
1 - 34% - 35% - 17:44
2 - 34% - 35% - 17:34
3 - 24% - 23% - 12:27
4 - 8% - 7% - 3:53
PP Forward
1 - 51% - 50% - 3:48
2 - 49% - 50% - 3:42
PP Defense
1 - 51% - 50% - 3:50
2 - 49% - 50% - 3:40
PK Forward
1 - 0% - 55%
2 - 0% - 45%
PK Defense
1 - 0% - 55%
2 - 0% - 45%
PK3 Forward
1 - 0% - 55%
2 - 0% - 45%
PK3 Defense
1 - 0% - 55%
2 - 0% - 45%
44 Forward
1 - 0% - 55%
2 - 0% - 45%
44 Defense
1 - 0% - 55%
2 - 0% - 45%
Last Minute Offensive  - 0:52
Last Minute Defensive  - 0:00
Total
Forward - 60:00
Defense - 60:00

% Time on Ice - ANAHEIM OUTLAWS

Lines # - Real PCT - Wanted PCT - Time Play
Normal Forward
1 - 37% - 36% - 19:12
2 - 29% - 31% - 15:00
3 - 22% - 23% - 11:33
4 - 11% - 10% - 5:53
Normal Defense
1 - 33% - 36% - 17:04
2 - 33% - 31% - 16:53
3 - 25% - 23% - 12:43
4 - 10% - 10% - 4:58
PP Forward
1 - 0% - 55%
2 - 0% - 45%
PP Defense
1 - 0% - 55%
2 - 0% - 45%
PK Forward
1 - 68% - 55% - 5:04
2 - 32% - 45% - 2:26
PK Defense
1 - 53% - 55% - 3:57
2 - 47% - 45% - 3:33
PK3 Forward
1 - 0% - 55%
2 - 0% - 45%
PK3 Defense
1 - 0% - 55%
2 - 0% - 45%
44 Forward
1 - 0% - 55%
2 - 0% - 45%
44 Defense
1 - 0% - 55%
2 - 0% - 45%
Last Minute Offensive  - 0:00
Last Minute Defensive  - 0:52
Total
Forward - 60:00
Defense - 60:00

Play-by-Play

1st period


0:01 of 1st period - Connor McDavid wins face-off versus Adrian Kempe in neutral zone.
0:08 of 1st period - Shot by Connor McDavid.
0:08 of 1st period - Shot Misses the Net.
0:31 of 1st period - Icing by Filip Hronek.
0:32 of 1st period - Connor McDavid wins face-off versus Jeff Skinner in ANCHORAGE ACES zone.
0:32 of 1st period - Filip Hronek is hit by Jeff Skinner and loses puck.
0:37 of 1st period - Shot by Jeff Skinner.
0:37 of 1st period - Shot Misses the Net.
0:49 of 1st period - Icing by Filip Hronek.
0:50 of 1st period - Connor McDavid wins face-off versus Michael Rasmussen in ANCHORAGE ACES zone.
1:02 of 1st period - Alexander Nylander is hit by Filip Hronek and loses puck.
1:22 of 1st period - Shot by Alexander Nylander.
1:22 of 1st period - Stopped by Darcy Kuemper without a rebound.
1:23 of 1st period - Nathan MacKinnon wins face-off versus Pius Suter in ANCHORAGE ACES zone.
1:23 of 1st period - Nathan MacKinnon is hit by Pius Suter.
1:41 of 1st period - Shot by Pius Suter.
1:41 of 1st period - Stopped by Darcy Kuemper without a rebound.
1:42 of 1st period - Eetu Luostarinen wins face-off versus Jeff Skinner in ANCHORAGE ACES zone.
1:42 of 1st period - Eetu Luostarinen is hit by Michael Bunting.
1:56 of 1st period - Shot by Colin Blackwell.
1:56 of 1st period - Stopped by Jacob Markstrom without a rebound.
1:57 of 1st period - Nathan MacKinnon wins face-off versus Adrian Kempe in ANAHEIM OUTLAWS zone.
2:08 of 1st period - Shot by Yegor Sharangovich.
2:08 of 1st period - Shot Misses the Net.
3:13 of 1st period - Pierre Engvall is hit by Robert Bortuzzo and loses puck.
3:26 of 1st period - Shot by Erik Haula.
3:26 of 1st period - Shot Blocked by Jacob Trouba.
3:28 of 1st period - Shot by Eetu Luostarinen.
3:28 of 1st period - Stopped by Jacob Markstrom without a rebound.
3:29 of 1st period - Sam Carrick wins face-off versus Michael Rasmussen in ANAHEIM OUTLAWS zone.
3:52 of 1st period - Shot by Alexander Nylander.
3:52 of 1st period - Stopped by Darcy Kuemper with a rebound.
4:02 of 1st period - Shot by Michael Rasmussen.
4:02 of 1st period - Shot Misses the Net.
4:05 of 1st period - Icing by Sam Carrick.
4:06 of 1st period - Sam Carrick wins face-off versus Kent Johnson in ANCHORAGE ACES zone.
4:34 of 1st period - Icing by Erik Haula.
4:35 of 1st period - Jeff Skinner wins face-off versus Eetu Luostarinen in ANCHORAGE ACES zone.
5:15 of 1st period - Shot by Jeff Skinner.
5:15 of 1st period - Stopped by Darcy Kuemper with a rebound.
5:17 of 1st period - Shot by Jeff Skinner.
5:17 of 1st period - Deflect By Michael Bunting.
5:17 of 1st period - Shot Misses the Net.
5:19 of 1st period - Shot by Michael Bunting.
5:19 of 1st period - Shot Misses the Net.
5:37 of 1st period - Shot by Kevin Fiala.
5:37 of 1st period - Shot Misses the Net.
5:40 of 1st period - Icing by Robert Bortuzzo.
5:41 of 1st period - Michael Rasmussen wins face-off versus Eetu Luostarinen in ANCHORAGE ACES zone.
6:32 of 1st period - Shot by Phillip Danault.
6:32 of 1st period - Stopped by Jacob Markstrom with a rebound.
6:48 of 1st period - Noah Hanifin is hit by David Perron and loses puck.
7:08 of 1st period - Shot by Adrian Kempe.
7:08 of 1st period - Stopped by Darcy Kuemper without a rebound.
7:09 of 1st period - Jeff Skinner wins face-off versus Nathan MacKinnon in ANCHORAGE ACES zone.
7:46 of 1st period - Shot by Jeff Skinner.
7:46 of 1st period - Stopped by Darcy Kuemper without a rebound.
7:47 of 1st period - Sam Carrick wins face-off versus Adrian Kempe in ANCHORAGE ACES zone.
7:56 of 1st period - Shot by Sam Carrick.
7:56 of 1st period - Shot Blocked by Morgan Rielly.
7:58 of 1st period - Shot by Sam Carrick.
7:58 of 1st period - Stopped by Jacob Markstrom without a rebound.
7:59 of 1st period - Connor McDavid wins face-off versus Pius Suter in ANAHEIM OUTLAWS zone.
8:13 of 1st period - Shot by Connor McDavid.
8:13 of 1st period - Deflect By David Perron.
8:13 of 1st period - Stopped by Jacob Markstrom without a rebound.
8:14 of 1st period - Nathan MacKinnon wins face-off versus Adrian Kempe in ANAHEIM OUTLAWS zone.
8:19 of 1st period - Shot by Nathan MacKinnon.
8:19 of 1st period - Shot Misses the Net.
8:29 of 1st period - Shot by Kevin Fiala.
8:29 of 1st period - Shot Blocked by Sebastien Aho.
8:44 of 1st period - Adrian Kempe is hit by Ryan Pulock and loses puck.
8:54 of 1st period - Jacob Trouba is hit by Yegor Sharangovich and loses puck.
9:09 of 1st period - Icing by Nathan MacKinnon.
9:10 of 1st period - Nathan MacKinnon wins face-off versus Jeff Skinner in ANCHORAGE ACES zone.
9:43 of 1st period - Shot by Jeff Skinner.
9:43 of 1st period - Stopped by Darcy Kuemper without a rebound.
9:44 of 1st period - Eetu Luostarinen wins face-off versus Michael Rasmussen in ANCHORAGE ACES zone.
11:14 of 1st period - Shot by Connor McDavid.
11:14 of 1st period - Shot Misses the Net.
11:34 of 1st period - Icing by Sebastien Aho.
11:35 of 1st period - Adrian Kempe wins face-off versus Nathan MacKinnon in ANCHORAGE ACES zone.
12:01 of 1st period - Shot by Nathan MacKinnon.
12:01 of 1st period - Shot Blocked by Noah Hanifin.
12:35 of 1st period - Michael Bunting is hit by Eetu Luostarinen and loses puck.
12:46 of 1st period - Shot by Erik Haula.
12:46 of 1st period - Stopped by Jacob Markstrom without a rebound.
12:47 of 1st period - Pius Suter wins face-off versus Connor McDavid in ANAHEIM OUTLAWS zone.
12:54 of 1st period - Shot by Pius Suter.
12:54 of 1st period - Shot Misses the Net.
12:56 of 1st period - Shot by Jacob Trouba.
12:56 of 1st period - Shot Misses the Net.
13:12 of 1st period - Shot by Pius Suter.
13:12 of 1st period - Shot Misses the Net.
13:14 of 1st period - Shot by Joey Anderson.
13:14 of 1st period - Stopped by Darcy Kuemper without a rebound.
13:15 of 1st period - Nathan MacKinnon wins face-off versus Jeff Skinner in ANCHORAGE ACES zone.
13:25 of 1st period - Michael Bunting is hit by Filip Hronek and loses puck.
13:28 of 1st period - Shot by Jeff Skinner.
13:28 of 1st period - Goal by Jeff Skinner - ANCHORAGE ACES : 0 - ANAHEIM OUTLAWS : 1.
13:29 of 1st period - Connor McDavid wins face-off versus Adrian Kempe in neutral zone.
13:38 of 1st period - David Perron is hit by Adrian Kempe and loses puck.
14:04 of 1st period - Off-side.
14:05 of 1st period - Nathan MacKinnon wins face-off versus Jeff Skinner in neutral zone.
14:21 of 1st period - Icing by Jacob Trouba.
14:22 of 1st period - Eetu Luostarinen wins face-off versus Michael Bunting in ANAHEIM OUTLAWS zone.
14:22 of 1st period - Erik Haula is hit by Jacob Trouba and loses puck.
14:49 of 1st period - Icing by Jakob Chychrun.
14:50 of 1st period - Adrian Kempe wins face-off versus Eetu Luostarinen in ANCHORAGE ACES zone.
15:10 of 1st period - Minor Penalty to Kevin Fiala for Hooking.
15:11 of 1st period - Connor McDavid wins face-off versus Adrian Kempe in ANAHEIM OUTLAWS zone.
15:36 of 1st period - Shot by Connor McDavid.
15:36 of 1st period - Shot Misses the Net.
15:38 of 1st period - Shot by Nathan MacKinnon.
15:38 of 1st period - Shot Misses the Net.
15:40 of 1st period - Shot by Connor McDavid.
15:40 of 1st period - Shot Misses the Net.
16:15 of 1st period - Icing by Phillip Danault.
16:16 of 1st period - Phillip Danault wins face-off versus Jack Quinn in ANCHORAGE ACES zone.
16:16 of 1st period - Erik Haula is hit by Jeff Skinner and loses puck.
16:43 of 1st period - Shot by Filip Hronek.
16:43 of 1st period - Goal by Filip Hronek - ANCHORAGE ACES : 1 - ANAHEIM OUTLAWS : 1.
16:44 of 1st period - Nathan MacKinnon wins face-off versus Kent Johnson in neutral zone.
16:56 of 1st period - Pius Suter is hit by Alexander DeBrincat and loses puck.
17:13 of 1st period - Shot by Nathan MacKinnon.
17:13 of 1st period - Goal by Nathan MacKinnon - ANCHORAGE ACES : 2 - ANAHEIM OUTLAWS : 1.
17:14 of 1st period - Adrian Kempe wins face-off versus Sam Carrick in neutral zone.
17:26 of 1st period - Kevin Fiala is hit by Sebastien Aho.
17:37 of 1st period - Off-side.
17:38 of 1st period - Connor McDavid wins face-off versus Jeff Skinner in neutral zone.
17:43 of 1st period - Shot by Phillip Danault.
17:43 of 1st period - Stopped by Jacob Markstrom without a rebound.
17:44 of 1st period - Jeff Skinner wins face-off versus Connor McDavid in ANAHEIM OUTLAWS zone.
17:44 of 1st period - Jeff Skinner is hit by Phillip Danault.
18:36 of 1st period - Noah Hanifin is hit by Phillip Danault and loses puck.
19:00 of 1st period - Icing by Oliver Ekman-Larsson.
19:01 of 1st period - Kevin Fiala wins face-off versus Eetu Luostarinen in ANAHEIM OUTLAWS zone.
19:14 of 1st period - Shot by Erik Haula.
19:14 of 1st period - Stopped by Jacob Markstrom without a rebound.
19:15 of 1st period - Nathan MacKinnon wins face-off versus Michael Rasmussen in ANAHEIM OUTLAWS zone.
19:20 of 1st period - Shot by Yegor Sharangovich.
19:20 of 1st period - Stopped by Jacob Markstrom without a rebound.
19:21 of 1st period - Nathan MacKinnon wins face-off versus Adrian Kempe in ANAHEIM OUTLAWS zone.
19:44 of 1st period - Shot by Carter Verhaeghe.
19:44 of 1st period - Shot Misses the Net.
19:46 of 1st period - Shot by Adrian Kempe.
19:46 of 1st period - Goal by Adrian Kempe - ANCHORAGE ACES : 2 - ANAHEIM OUTLAWS : 2.
19:47 of 1st period - Connor McDavid wins face-off versus Alexander Nylander in neutral zone.
19:49 of 1st period - Minor Penalty to Morgan Rielly for Slashing.
19:50 of 1st period - Adrian Kempe wins face-off versus Erik Haula in ANAHEIM OUTLAWS zone.
Goals for this period are 2 for ANCHORAGE ACES vs 2 for ANAHEIM OUTLAWS.
Shots for this period are 11 for ANCHORAGE ACES vs 10 for ANAHEIM OUTLAWS.

2nd period


0:01 of 2nd period - Connor McDavid wins face-off versus Adrian Kempe in neutral zone.
0:01 of 2nd period - Connor McDavid is hit by Adrian Kempe.
0:20 of 2nd period - Shot by Nathan MacKinnon.
0:20 of 2nd period - Shot Misses the Net.
0:51 of 2nd period - Icing by Ryan Pulock.
0:52 of 2nd period - Kevin Fiala wins face-off versus Connor McDavid in ANCHORAGE ACES zone.
1:06 of 2nd period - Icing by Filip Hronek.
1:07 of 2nd period - Connor McDavid wins face-off versus Adrian Kempe in ANCHORAGE ACES zone.
1:28 of 2nd period - Shot by David Perron.
1:28 of 2nd period - Shot Blocked by Oliver Ekman-Larsson.
1:30 of 2nd period - Shot by Phillip Danault.
1:30 of 2nd period - Shot Misses the Net.
1:32 of 2nd period - Shot by Jakob Chychrun.
1:32 of 2nd period - Shot Misses the Net.
1:38 of 2nd period - Shot by Erik Haula.
1:38 of 2nd period - Stopped by Jacob Markstrom without a rebound.
1:39 of 2nd period - Kevin Fiala wins face-off versus Phillip Danault in ANAHEIM OUTLAWS zone.
1:51 of 2nd period - Icing by Sam Carrick.
1:52 of 2nd period - Jeff Skinner wins face-off versus Sam Carrick in ANCHORAGE ACES zone.
2:03 of 2nd period - Shot by Sam Carrick.
2:03 of 2nd period - Stopped by Jacob Markstrom without a rebound.
2:04 of 2nd period - Connor McDavid wins face-off versus Adrian Kempe in ANAHEIM OUTLAWS zone.
2:13 of 2nd period - Connor McDavid is hit by Adrian Kempe and loses puck.
2:39 of 2nd period - Adrian Kempe is hit by Ryan Pulock and loses puck.
2:42 of 2nd period - Shot by Kevin Fiala.
2:42 of 2nd period - Shot Misses the Net.
3:03 of 2nd period - Off-side.
3:04 of 2nd period - Jeff Skinner wins face-off versus Nathan MacKinnon in neutral zone.
3:21 of 2nd period - Shot by Pierre Engvall.
3:21 of 2nd period - Stopped by Darcy Kuemper without a rebound.
3:22 of 2nd period - Jack Quinn wins face-off versus Eetu Luostarinen in ANCHORAGE ACES zone.
4:21 of 2nd period - Shot by Yegor Sharangovich.
4:21 of 2nd period - Shot Misses the Net.
4:24 of 2nd period - Icing by Henri Jokiharju.
4:25 of 2nd period - Michael Rasmussen wins face-off versus Connor McDavid in ANAHEIM OUTLAWS zone.
4:35 of 2nd period - Icing by Ryan Pulock.
4:36 of 2nd period - Connor McDavid wins face-off versus Adrian Kempe in ANCHORAGE ACES zone.
4:51 of 2nd period - Shot by Connor McDavid.
4:51 of 2nd period - Deflect By David Perron.
4:51 of 2nd period - Shot Misses the Net.
5:19 of 2nd period - Shot by Carter Verhaeghe.
5:19 of 2nd period - Shot Blocked by Connor McDavid.
5:25 of 2nd period - Shot by Kevin Fiala.
5:25 of 2nd period - Shot Blocked by Ryan Pulock.
5:42 of 2nd period - Shot by Pierre Engvall.
5:42 of 2nd period - Shot Misses the Net.
6:23 of 2nd period - Off-side.
6:24 of 2nd period - Michael Rasmussen wins face-off versus Eetu Luostarinen in neutral zone.
6:33 of 2nd period - Shot by Henri Jokiharju.
6:33 of 2nd period - Stopped by Darcy Kuemper with a rebound.
6:35 of 2nd period - Shot by Henri Jokiharju.
6:35 of 2nd period - Deflect By Jack Quinn.
6:35 of 2nd period - Stopped by Darcy Kuemper with a rebound.
6:37 of 2nd period - Shot by Rasmus Ristolainen.
6:37 of 2nd period - Stopped by Darcy Kuemper without a rebound.
6:38 of 2nd period - Nathan MacKinnon wins face-off versus Adrian Kempe in ANCHORAGE ACES zone.
6:38 of 2nd period - Nathan MacKinnon is hit by Carter Verhaeghe.
6:48 of 2nd period - Shot by Nathan MacKinnon.
6:48 of 2nd period - Shot Misses the Net.
6:54 of 2nd period - Shot by Nathan MacKinnon.
6:54 of 2nd period - Stopped by Jacob Markstrom without a rebound.
6:55 of 2nd period - Eetu Luostarinen wins face-off versus Michael Rasmussen in ANAHEIM OUTLAWS zone.
7:21 of 2nd period - Erik Haula is hit by Rasmus Ristolainen.
8:10 of 2nd period - Icing by Yegor Sharangovich.
8:11 of 2nd period - Nathan MacKinnon wins face-off versus Adrian Kempe in ANCHORAGE ACES zone.
8:50 of 2nd period - Shot by Nathan MacKinnon.
8:50 of 2nd period - Stopped by Jacob Markstrom without a rebound.
8:51 of 2nd period - Jeff Skinner wins face-off versus Connor McDavid in ANAHEIM OUTLAWS zone.
8:56 of 2nd period - Noah Hanifin is hit by David Perron and loses puck.
9:00 of 2nd period - Icing by Noah Hanifin.
9:01 of 2nd period - Jeff Skinner wins face-off versus Phillip Danault in ANAHEIM OUTLAWS zone.
9:14 of 2nd period - Shot by Pierre Engvall.
9:14 of 2nd period - Deflect By Michael Bunting.
9:14 of 2nd period - Shot Blocked by Sebastien Aho.
9:31 of 2nd period - Off-side.
9:32 of 2nd period - Nathan MacKinnon wins face-off versus Kevin Fiala in neutral zone.
10:08 of 2nd period - Shot by Carter Verhaeghe.
10:08 of 2nd period - Deflect By Kevin Fiala.
10:08 of 2nd period - Shot Misses the Net.
10:10 of 2nd period - Shot by Kevin Fiala.
10:10 of 2nd period - Shot Misses the Net.
10:40 of 2nd period - Icing by Noah Hanifin.
10:41 of 2nd period - Jeff Skinner wins face-off versus Eetu Luostarinen in ANAHEIM OUTLAWS zone.
10:48 of 2nd period - Shot by Pierre Engvall.
10:48 of 2nd period - Stopped by Darcy Kuemper without a rebound.
10:49 of 2nd period - Connor McDavid wins face-off versus Jeff Skinner in ANCHORAGE ACES zone.
11:00 of 2nd period - Shot by Connor McDavid.
11:00 of 2nd period - Stopped by Jacob Markstrom without a rebound.
11:01 of 2nd period - Pius Suter wins face-off versus Eetu Luostarinen in ANAHEIM OUTLAWS zone.
11:06 of 2nd period - Shot by Joey Anderson.
11:06 of 2nd period - Shot Blocked by Carson Soucy.
11:08 of 2nd period - Shot by Pius Suter.
11:08 of 2nd period - Stopped by Darcy Kuemper without a rebound.
11:09 of 2nd period - Jeff Skinner wins face-off versus Nathan MacKinnon in ANCHORAGE ACES zone.
11:17 of 2nd period - Shot by Michael Bunting.
11:17 of 2nd period - Shot Misses the Net.
11:54 of 2nd period - Shot by Jeff Skinner.
11:54 of 2nd period - Shot Blocked by Filip Hronek.
12:52 of 2nd period - Icing by Oliver Ekman-Larsson.
12:53 of 2nd period - Eetu Luostarinen wins face-off versus Adrian Kempe in ANAHEIM OUTLAWS zone.
13:28 of 2nd period - Shot by Erik Haula.
13:28 of 2nd period - Shot Misses the Net.
13:30 of 2nd period - Shot by Erik Haula.
13:30 of 2nd period - Deflect By Eetu Luostarinen.
13:30 of 2nd period - Stopped by Jacob Markstrom without a rebound.
13:31 of 2nd period - Michael Rasmussen wins face-off versus Connor McDavid in ANAHEIM OUTLAWS zone.
13:59 of 2nd period - Off-side.
14:00 of 2nd period - Pius Suter wins face-off versus Sam Carrick in neutral zone.
15:04 of 2nd period - Shot by Connor McDavid.
15:04 of 2nd period - Stopped by Jacob Markstrom without a rebound.
15:05 of 2nd period - Michael Rasmussen wins face-off versus Nathan MacKinnon in ANAHEIM OUTLAWS zone.
15:05 of 2nd period - Michael Rasmussen is hit by Alexander DeBrincat.
15:11 of 2nd period - Shot by Nathan MacKinnon.
15:11 of 2nd period - Shot Blocked by Noah Hanifin.
15:30 of 2nd period - Noah Hanifin is hit by Alexander DeBrincat and loses puck.
16:03 of 2nd period - Icing by Filip Hronek.
16:04 of 2nd period - Connor McDavid wins face-off versus Michael Bunting in ANCHORAGE ACES zone.
16:29 of 2nd period - Shot by David Perron.
16:29 of 2nd period - Shot Blocked by Oliver Ekman-Larsson.
17:08 of 2nd period - Off-side.
17:09 of 2nd period - Nathan MacKinnon wins face-off versus Adrian Kempe in neutral zone.
17:41 of 2nd period - Icing by Ryan Pulock.
17:42 of 2nd period - Nathan MacKinnon wins face-off versus Alexander Nylander in ANCHORAGE ACES zone.
17:46 of 2nd period - Off-side.
17:47 of 2nd period - Eetu Luostarinen wins face-off versus Michael Rasmussen in neutral zone.
18:01 of 2nd period - Off-side.
18:02 of 2nd period - Nathan MacKinnon wins face-off versus Adrian Kempe in neutral zone.
18:11 of 2nd period - Shot by Adrian Kempe.
18:11 of 2nd period - Shot Misses the Net.
18:37 of 2nd period - Shot by Adrian Kempe.
18:37 of 2nd period - Stopped by Darcy Kuemper without a rebound.
18:38 of 2nd period - Jeff Skinner wins face-off versus Connor McDavid in ANCHORAGE ACES zone.
18:46 of 2nd period - Minor Penalty to Noah Hanifin for Hooking.
18:47 of 2nd period - Adrian Kempe wins face-off versus Phillip Danault in ANAHEIM OUTLAWS zone.
18:53 of 2nd period - Icing by Filip Hronek.
18:54 of 2nd period - Phillip Danault wins face-off versus Adrian Kempe in ANCHORAGE ACES zone.
19:56 of 2nd period - Shot by Alexander DeBrincat.
19:56 of 2nd period - Shot Blocked by Rasmus Ristolainen.
Goals for this period are 0 for ANCHORAGE ACES vs 0 for ANAHEIM OUTLAWS.
Shots for this period are 7 for ANCHORAGE ACES vs 7 for ANAHEIM OUTLAWS.

3rd period


0:01 of 3rd period - Connor McDavid wins face-off versus Adrian Kempe in neutral zone.
0:13 of 3rd period - Shot by Adrian Kempe.
0:13 of 3rd period - Shot Misses the Net.
0:49 of 3rd period - Shot by Kevin Fiala.
0:49 of 3rd period - Stopped by Darcy Kuemper with a rebound.
1:18 of 3rd period - Icing by Eetu Luostarinen.
1:19 of 3rd period - Jeff Skinner wins face-off versus Eetu Luostarinen in ANCHORAGE ACES zone.
1:50 of 3rd period - Pierre Engvall is hit by Filip Hronek and loses puck.
2:17 of 3rd period - Shot by Connor McDavid.
2:17 of 3rd period - Shot Misses the Net.
2:19 of 3rd period - Shot by Phillip Danault.
2:19 of 3rd period - Stopped by Jacob Markstrom without a rebound.
2:20 of 3rd period - Adrian Kempe wins face-off versus Nathan MacKinnon in ANAHEIM OUTLAWS zone.
2:38 of 3rd period - Shot by Nathan MacKinnon.
2:38 of 3rd period - Stopped by Jacob Markstrom without a rebound.
2:39 of 3rd period - Sam Carrick wins face-off versus Pius Suter in ANAHEIM OUTLAWS zone.
3:15 of 3rd period - Kent Johnson is hit by Robert Bortuzzo.
3:34 of 3rd period - Icing by Sam Carrick.
3:35 of 3rd period - Nicolas Deslauriers wins face-off versus Adrian Kempe in ANCHORAGE ACES zone.
4:03 of 3rd period - Shot by Carter Verhaeghe.
4:03 of 3rd period - Stopped by Darcy Kuemper without a rebound.
4:04 of 3rd period - Jeff Skinner wins face-off versus Nathan MacKinnon in ANCHORAGE ACES zone.
4:07 of 3rd period - Shot by Michael Bunting.
4:07 of 3rd period - Shot Misses the Net.
4:09 of 3rd period - Shot by Pierre Engvall.
4:09 of 3rd period - Deflect By Michael Bunting.
4:09 of 3rd period - Shot Hit the Post.
4:29 of 3rd period - Shot by Jeff Skinner.
4:29 of 3rd period - Stopped by Darcy Kuemper without a rebound.
4:30 of 3rd period - Connor McDavid wins face-off versus Adrian Kempe in ANCHORAGE ACES zone.
5:05 of 3rd period - Filip Hronek is hit by Kevin Fiala and loses puck.
6:10 of 3rd period - Shot by Michael Bunting.
6:10 of 3rd period - Deflect By Jeff Skinner.
6:10 of 3rd period - Shot Misses the Net.
6:19 of 3rd period - Icing by Alexander DeBrincat.
6:20 of 3rd period - Alexander DeBrincat wins face-off versus Michael Rasmussen in ANCHORAGE ACES zone.
6:20 of 3rd period - Nathan MacKinnon is hit by Michael Rasmussen and loses puck.
6:37 of 3rd period - Shot by Michael Rasmussen.
6:37 of 3rd period - Deflect By Alexander Nylander.
6:37 of 3rd period - Shot Blocked by Sebastien Aho.
6:39 of 3rd period - Shot by Jacob Trouba.
6:39 of 3rd period - Goal by Jacob Trouba - ANCHORAGE ACES : 2 - ANAHEIM OUTLAWS : 3.
6:40 of 3rd period - Connor McDavid wins face-off versus Pius Suter in neutral zone.
6:43 of 3rd period - Pius Suter is hit by Connor McDavid and loses puck.
6:47 of 3rd period - Morgan Rielly is hit by Connor McDavid and loses puck.
6:59 of 3rd period - Minor Penalty to Pius Suter for Hooking.
7:00 of 3rd period - Phillip Danault wins face-off versus Adrian Kempe in ANAHEIM OUTLAWS zone.
8:05 of 3rd period - Shot by Connor McDavid.
8:05 of 3rd period - Shot Misses the Net.
8:07 of 3rd period - Shot by Filip Hronek.
8:07 of 3rd period - Shot Blocked by Adrian Kempe.
8:09 of 3rd period - Shot by Ryan Pulock.
8:09 of 3rd period - Shot Misses the Net.
8:23 of 3rd period - Shot by Connor McDavid.
8:23 of 3rd period - Shot Hit the Post.
9:59 of 3rd period - Alexander Nylander is hit by Colin Blackwell and loses puck.
10:09 of 3rd period - Erik Haula is hit by Alexander Nylander and loses puck.
10:23 of 3rd period - Erik Haula is hit by Jeff Skinner and loses puck.
10:24 of 3rd period - Erik Haula from ANCHORAGE ACES is injured at 10:24 of 3rd period (Strained Right Elbow).
10:25 of 3rd period - Nathan MacKinnon wins face-off versus Pius Suter in neutral zone.
10:37 of 3rd period - Shot by Alexander DeBrincat.
10:37 of 3rd period - Shot Misses the Net.
11:39 of 3rd period - Shot by Carter Verhaeghe.
11:39 of 3rd period - Stopped by Darcy Kuemper without a rebound.
11:40 of 3rd period - Eetu Luostarinen wins face-off versus Jeff Skinner in ANCHORAGE ACES zone.
11:40 of 3rd period - Eetu Luostarinen is hit by Michael Bunting.
12:01 of 3rd period - Colin Blackwell is hit by Jeff Skinner and loses puck.
13:09 of 3rd period - Shot by Adrian Kempe.
13:09 of 3rd period - Shot Misses the Net.
13:55 of 3rd period - Shot by Michael Rasmussen.
13:55 of 3rd period - Shot Misses the Net.
13:57 of 3rd period - Shot by Jack Quinn.
13:57 of 3rd period - Stopped by Darcy Kuemper without a rebound.
13:58 of 3rd period - Pius Suter wins face-off versus Eetu Luostarinen in ANCHORAGE ACES zone.
14:15 of 3rd period - Shot by Pius Suter.
14:15 of 3rd period - Shot Misses the Net.
15:37 of 3rd period - Shot by Yegor Sharangovich.
15:37 of 3rd period - Stopped by Jacob Markstrom without a rebound.
15:38 of 3rd period - Jeff Skinner wins face-off versus Sam Carrick in ANAHEIM OUTLAWS zone.
15:47 of 3rd period - Icing by Carson Soucy.
15:48 of 3rd period - Adrian Kempe wins face-off versus Sam Carrick in ANCHORAGE ACES zone.
15:49 of 3rd period - Shot by Kevin Fiala.
15:49 of 3rd period - Stopped by Darcy Kuemper with a rebound.
16:08 of 3rd period - Shot by Sheldon Dries.
16:08 of 3rd period - Shot Misses the Net.
16:10 of 3rd period - Shot by Robert Bortuzzo.
16:10 of 3rd period - Shot Misses the Net.
16:34 of 3rd period - Adrian Kempe is hit by Filip Hronek and loses puck.
16:47 of 3rd period - Adrian Kempe is hit by Phillip Danault and loses puck.
17:38 of 3rd period - Icing by Noah Hanifin.
17:39 of 3rd period - Eetu Luostarinen wins face-off versus Adrian Kempe in ANAHEIM OUTLAWS zone.
17:59 of 3rd period - Shot by Eetu Luostarinen.
17:59 of 3rd period - Shot Misses the Net.
18:26 of 3rd period - Icing by Jacob Trouba.
18:27 of 3rd period - Connor McDavid wins face-off versus Jeff Skinner in ANAHEIM OUTLAWS zone.
18:40 of 3rd period - ANCHORAGE ACES, Darcy Kuemper is pulled from the net.
18:44 of 3rd period - Shot by Phillip Danault.
18:44 of 3rd period - Shot Misses the Net.
18:46 of 3rd period - Shot by Connor McDavid.
18:46 of 3rd period - Shot Blocked by Oliver Ekman-Larsson.
18:48 of 3rd period - Shot by Ryan Pulock.
18:48 of 3rd period - Shot Misses the Net.
18:50 of 3rd period - Shot by Sebastien Aho.
18:50 of 3rd period - Stopped by Jacob Markstrom without a rebound.
18:51 of 3rd period - Sam Carrick wins face-off versus Michael Rasmussen in ANAHEIM OUTLAWS zone.
19:07 of 3rd period - Off-side.
19:08 of 3rd period - Connor McDavid wins face-off versus Michael Rasmussen in neutral zone.
19:15 of 3rd period - Shot by Nathan MacKinnon.
19:15 of 3rd period - Stopped by Jacob Markstrom without a rebound.
19:16 of 3rd period - Phillip Danault wins face-off versus Michael Rasmussen in ANAHEIM OUTLAWS zone.
19:27 of 3rd period - Shot by Nathan MacKinnon.
19:27 of 3rd period - Shot Misses the Net.
19:53 of 3rd period - Shot by Phillip Danault.
19:53 of 3rd period - Shot Misses the Net.
Goals for this period are 0 for ANCHORAGE ACES vs 1 for ANAHEIM OUTLAWS.
Shots for this period are 5 for ANCHORAGE ACES vs 7 for ANAHEIM OUTLAWS.


MATTHEW
TKACHUK
TOM
WILSON
JAKE
GUENTZEL